 Dungeon Crawl Stone Soup version 0.31.0-4-g52a2dc7128 (webtiles) character file.

Game seed: 15936003313114483765

899 dorian the Shooter (level 8, -7/64 HPs)
             Began as a Barachi Hunter on Jan 22, 2024.
             Mangled by a wyvern (17 damage)
             ... on level 4 of the Dungeon.
             The game lasted 00:07:15 (4454 turns).

dorian the Shooter (Barachi Hunter)                 Turns: 4454, Time: 00:07:15

Health: -7/64      AC:  6    Str: 13    XL:     8   Next: 7%
Magic:  8/8        EV: 15    Int:  9    God:
Gold:   248        SH:  0    Dex: 23    Spells: 7/7 levels left

rFire   . . .        a - +0 shortbow
rCold   + + +        (shield currently unavailable)
rNeg    . . .        k - +2 leather armour of the Elephant {rC+++ rCorr Dex+5}
rPois   .            (no helmet)
rElec   .            (no cloak)
rCorr   +            (no gloves)
SInv    .            g - +0 pair of boots
Will    .....        f - amulet of the acrobat
Stlth   ++           (no ring)
HPRegen 0.30/turn    (no ring)
MPRegen 0.11/turn

%: acrobat
@: about to teleport, unable to hop, slow
A: amphibious, slowness 1, strong legs 1, +LOS
a: Hop


You were on level 4 of the Dungeon.
You visited 1 branch of the dungeon, and saw 6 of its levels.

You collected 248 gold pieces.

Inventory:

Hand Weapons
 a - a +0 shortbow (weapon)
Missiles
 l - a throwing net
Armour
 g - a +0 pair of boots (worn)
 k - the +2 leather armour of the Elephant (worn) {rC+++ rCorr Dex+5}
   (You found it on level 3 of the Dungeon)

   Dex+5:     It affects your dexterity (+5).
   rC+++:     It renders you almost immune to cold.
   rCorr:     It protects you from acid and corrosion.
Jewellery
 f - an amulet of the acrobat (around neck)
 h - a ring of protection from cold
Wands
 v - a wand of digging (6)
Scrolls
 b - 2 scrolls of butterflies
 t - a scroll of teleportation
Potions
 c - a potion of cancellation
 d - a potion of heal wounds {unknown}
 e - 2 potions of degeneration
 i - a potion of attraction {unknown}
 j - 2 potions of enlightenment
 m - a potion of lignification {unknown}
 n - a potion of mutation {unknown}
 o - a potion of haste {unknown}


   Skills:
 + Level 5.7 Fighting
 * Level 7.5 Ranged Weapons
 + Level 5.3 Dodging
 - Level 0.8 Stealth


You had 7 spell levels left.
You didn't know any spells.
Your spell library contained the following spells:

 Spells                   Type           Power      Damage    Failure   Level
 Apportation              Tloc           0%         N/A       45%         1
 Necrotise                Necr           0%         1d4       45%         1
 Sting                    Conj/Alch      0%         1d3       45%         1
 Summon Small Mammal      Summ           0%         N/A       45%         1
 Sublimation of Blood     Necr           0%         N/A       61%         2
 Hailstorm                Conj/Ice       0%         3d5       83%         3
 Summon Ice Beast         Ice/Summ       0%         N/A       83%         3
 Petrify                  Alch/Erth      0%         N/A       99%         4
 Irradiate                Conj/Alch      0%         3d11      100%        5
 Summon Mana Viper        Hex/Summ       0%         N/A       100%        5
 Sculpt Simulacrum        Ice/Alch       0%         N/A       100%        6
 Monstrous Menagerie      Summ           0%         N/A       100%        7


Dungeon Overview and Level Annotations

Branches:
Dungeon (6/15) Zot: 26913
 Temple: D:4-7

Altars:
Nemelex Xobeh
The Shining One


Innate Abilities, Weirdness & Mutations

You are amphibious.
You cover ground slowly.
You can hop short distances.
You have an extended range of vision and can be seen from far away.


Message History

You shoot an arrow.
The arrow hits the wyvern but does no damage.
The wyvern is heavily wounded.
The wyvern bites you but does no damage. x2
Okay, then.
Fire: a) +0 shortbow
Press: ? - help, Q - select action, (/) - cycle Shift-Dir - straight line, f/p - wyvern
Aim: a wyvern (heavily wounded, 68% to hit)
You shoot an arrow. The arrow closely misses the wyvern.
The wyvern completely misses you. The wyvern bites you!
Fire: a) +0 shortbow
Press: ? - help, Q - select action, (/) - cycle Shift-Dir - straight line, f/p - wyvern
Aim: a wyvern (heavily wounded, 68% to hit)
You shoot an arrow.
The arrow hits the wyvern but does no damage.
The wyvern is heavily wounded.
The wyvern closely misses you.
Fire: a) +0 shortbow
Press: ? - help, Q - select action, (/) - cycle Shift-Dir - straight line, f/p - wyvern
Aim: a wyvern (heavily wounded, 68% to hit)
You shoot an arrow. The arrow hits the wyvern.
The wyvern is heavily wounded.
The wyvern bites you!
* * * LOW HITPOINT WARNING * * *
The wyvern misses you.
You feel better. The wyvern bites you!
* * * LOW HITPOINT WARNING * * *
You feel better. The wyvern misses you.
The wyvern bites you but does no damage.
Fire: a) +0 shortbow
Press: ? - help, Q - select action, (/) - cycle Shift-Dir - straight line, f/p - wyvern
Aim: a wyvern (heavily wounded, 68% to hit)
You shoot an arrow. The arrow barely misses the wyvern.
The wyvern bites you but does no damage.
The wyvern completely misses you.
Your legs are too worn out to hop.
The wyvern completely misses you.
As you read the scroll of teleportation, it crumbles to dust.
You feel strangely unstable. The wyvern bites you!
You die...

.....#.....##.##.# #...#.#
(.##.....####.##.# #.###.#
.####.#..####.##.# #.# #.# ##
#.#.......##.#####.###.#
#####.##.######...##.....#.#
#........#####.....#.###)#.#
...##.#..............###...#
...##........#....>......#.#
...##...........@k#......#.####
......##.###.###..............#
...#####.# #.###.##(....#####.#
...#####.# #.##..##.....# #.#
.........# #.##.#####.#.# #.#
########## #.##.#####.#.# #.#
#.##.#...#.#.#####.#
#........#.#.......# ####
####.......####.####


You could see a wyvern.

Vanquished Creatures
  An ogre (D:5)
  A phantom (D:5)
  3 scorpions (D:5)
  2 bombardier beetles
  2 orc priests (D:5)
  A hound (D:5)
  A sleepcap (D:5)
  3 iguanas (D:5)
  5 orc wizards
  3 adders
  8 gnolls
  A shadow imp (D:5)
  A ribbon worm (D:3)
  12 orcs
  6 endoplasms
  A giant cockroach (D:3)
  4 goblins
  5 hobgoblins
  2 jackals (D:2)
  4 kobolds
  7 quokkas
  8 ball pythons
  6 bats
  3 frilled lizards
  2 rats (D:2)
92 creatures vanquished.

Notes
Turn   | Place    | Note
-------+----------+-------------------------------------------
     0 | D:1      | dorian the Barachi Hunter began the quest for the Orb.
     0 | D:1      | Reached XP level 1. HP: 17/17 MP: 1/1
   178 | D:1      | Reached XP level 2. HP: 23/23 MP: 2/2
   219 | D:1      | Found a faded altar of an unknown god.
   673 | D:1      | Reached XP level 3. HP: 28/28 MP: 3/3
  1014 | D:2      | Reached XP level 4. HP: 35/35 MP: 4/4
  1248 | D:2      | Reached skill level 5 in Ranged Weapons
  1907 | D:3      | Found a glowing golden altar of the Shining One.
  1907 | D:3      | Found a sparkling altar of Nemelex Xobeh.
  2004 | D:3      | Reached XP level 5. HP: 42/42 MP: 5/5
  2486 | D:3      | Identified the +2 leather armour of the Elephant {rC+++
                  | rCorr Dex+5}
  2814 | D:4      | Reached XP level 6. HP: 35/48 MP: 6/6
  3405 | D:5      | Entered Level 5 of the Dungeon
  3420 | D:5      | Reached skill level 6 in Ranged Weapons
  3695 | D:5      | Reached XP level 7. HP: 26/55 MP: 7/7
  4054 | D:5      | Reached skill level 5 in Fighting
  4242 | D:5      | Reached skill level 7 in Ranged Weapons
  4253 | D:5      | Reached skill level 5 in Dodging
  4265 | D:5      | Reached XP level 8. HP: 64/64 MP: 8/8
  4422 | D:6      | Noticed a wyvern
  4449 | D:4      | HP: 3/64 [wyvern (13)]
  4454 | D:4      | Mangled by a wyvern

Illustrated notes

Levels and vault maps discovered:
D:1:      dpeg_cavernosity, layout_basic, nicolae_ecumenical_snake_handling
D:2:      layout_basic
D:3:      layout_basic, jmf_multi_god_temple, hex_medium,
          minmay_stone_trees_small
D:4:      layout_loops_ring
D:5:      layout_basic
D:6:      hellmonk_crumbling_castle, layout_gridville,
          nicolae_dithmenos_the_darkroom

Skill      XL: |  1  2  3  4  5  6  7 |
---------------+----------------------+-----
Fighting       | 3 4 5 |  5.7
Dodging        | 3 4 5 |  5.3
Ranged Weapons | 5 6 7 |  7.5
Stealth        | |  0.8

Action                     |  1- 3 |  4- 6 |  7- 9 || total
---------------------------+-------+-------+-------++-------
   Fire: Shortbow          |    61 |   180 |   117 ||   358
Ability: Hop               |       |     3 |     3 ||     6
    Use: Scroll            |       |     8 |     3 ||    11
         Potion            |       |     1 |     2 ||     3
 Armour: Leather armour    |     3 |    45 |    32 ||    80
  Dodge: Dodged            |    10 |    42 |    70 ||   122
